 Dungeon Crawl Stone Soup version 0.31.0-2-g5a2aebc5c2 (webtiles) character file.

Game seed: 4800814371494976881

203 Daunt the Trooper (level 5, -1/47 HPs)
             Began as a Barachi Shapeshifter on Jan 20, 2024.
             Slain by a sky beast (6 damage)
             ... on level 3 of the Dungeon on Jan 21, 2024.
             The game lasted 00:11:59 (4309 turns).

Daunt the Trooper (Barachi Shapeshifter)            Turns: 4309, Time: 00:11:59

Health: -1/47      AC:  5    Str: 18    XL:     5   Next: 81%
Magic:  5/5        EV: 11    Int: 10    God:
Gold:   160        SH:  0    Dex: 11    Spells: 4/4 levels left

rFire   . .          .
                       - Unarmed
rCold   . . .        (no shield)
rNeg    + . .        v - +0 ring mail
rPois   .            (helmet currently unavailable)
rElec   .            (cloak currently unavailable)
rCorr   .            (gloves currently unavailable)
SInv    .            (boots currently unavailable)
Will    .....        (no amulet) Stlth
                     h - ring of positive energy
HPRegen 0.27/turn    (no ring)
MPRegen 0.09/turn

%: no passive effects
@: confused, beast-form, ambrosia-drunk, slow
A: beast (slay +1), amphibious, slowness 1, strong legs 1, +LOS
a: Hop, Begin Untransformation


You were on level 3 of the Dungeon.
You were a hulking beast.
You visited 1 branch of the dungeon, and saw 4 of its levels.

You collected 160 gold pieces.

Inventory:

Hand Weapons
 b - a +0 war axe
Missiles
 g - 11 stones (quivered)
Armour
 a - a +0 animal skin
 k - a +0 leather armour
 t - a +0 plate armour
 v - a +0 ring mail (worn)
 w - the +0 robe of Zaleas {rPois Regen+ Str-4 Stlth+}
   (You found it on level 4 of the Dungeon)

   Str-4:     It affects your strength (-4).
   rPois:     It protects you from poison Regen+: It increases your rate of
   health regeneration.
   Stlth+:    It makes you more stealthy.
Jewellery
 h - a ring of positive energy (left hand)
Talismans
 c - a beast talisman
 d - a flux talisman
Scrolls
 m - a scroll of immolation
 o - a scroll of fog
 q - a scroll of amnesia
 u - a scroll of torment {unknown}
Potions
 e - a potion of curing {unknown}
 j - a potion of might
 l - 3 potions of haste
 n - a potion of lignification
 p - a potion of ambrosia
 r - a potion of invisibility
 s - a potion of attraction


   Skills:
 + Level 6.7 Fighting
 - Level 2.1 Dodging
 - Level 3.2 Unarmed Combat
 - Level 3.2 Shapeshifting


You had 4 spell levels left.
You didn't know any spells.
Your spell library contained the following spells:

 Spells                   Type           Power      Damage    Failure   Level
 Magic Dart               Conj           0%         1d3       56%         1
 Blink                    Tloc           0%         N/A       71%         2
 Call Imp                 Summ           0%         N/A       71%         2
 Sublimation of Blood     Necr           0%         N/A       71%         2
 Hailstorm                Conj/Ice       0%         3d5       90%         3
 Summon Ice Beast         Ice/Summ       0%         N/A       90%         3
 Leda's Liquefaction      Alch/Erth      0%         N/A       100%        4
 Lee's Rapid Deconstruct  Erth           0%         3d4*      100%        5
 Bombard                  Conj/Erth      0%         9d1       100%        6
 Sculpt Simulacrum        Ice/Alch       0%         N/A       100%        6
 Summon Hydra             Summ           0%         N/A       100%        7


Dungeon Overview and Level Annotations

Branches:
Dungeon (4/15)
 Temple: D:4-7

Altars:

Annotations:
D:4 Dowan, Duvessa


Innate Abilities, Weirdness & Mutations

You are a hulking beast.
Your limbs bulge with bestial killing power. (Slay +1)
You are amphibious.
You cover ground slowly.
You can hop short distances.
You have an extended range of vision and can be seen from far away.


Message History

Something hits you. Something shocks you.
There is a stone staircase leading up here.
Unknown command.
Unknown command.
Something hits you. Something shocks you.
You climb upwards.
Reactivating autopickup.
There is a stone staircase leading down here.
Unknown command.
Deactivating autopickup; reactivate with Ctrl-A.
You hit something. You barely miss something. Something hits you.
Something shocks you.
You hit something but do no damage. Something hits you but does no damage.
You hit something. Something hits you. Something shocks you.
You miss something. Something hits you but does no damage.
You miss something. Something hits you but does no damage.
You hit something. Something hits you but does no damage.
You hit something. Something hits you but does no damage.
You completely miss something. Something hits you. Something shocks you.
* * * LOW HITPOINT WARNING * * *
You hit something. Something hits you but does no damage.
You hit something. Something completely misses you.
You barely miss something. Something hits you but does no damage.
You hit something. Something hits you.
* * * LOW HITPOINT WARNING * * *
Something shocks you.
* * * LOW HITPOINT WARNING * * *
Unknown command.
Unknown command.
You are confused.
You feel invigorated. Something hits you.
* * * LOW HITPOINT WARNING * * *
Something shocks you.
* * * LOW HITPOINT WARNING * * *
Unknown command.
Unknown command.
Something hits you.
* * * LOW HITPOINT WARNING * * *
Something shocks you.
You die...

########### ##.........#
...#######.# ###### #.# .....#
#.# ####.## #.# ###...## #.#
############
##.#.#.###<###<.h>[.....####
#.##.##.##.......{.........#
.###.###.#..##.########.##.#
............##.# #.##.#
...#.#.#.#..##.## #.##.###
.....#..##..#...##### #.##...#
.....#.###..........# #.####.#
.......####.......#.# #.# #.#
..................#.###.####.####


There were no monsters in sight!

Vanquished Creatures
  An orc wizard (D:3)
  8 gnolls
  2 adders
  A dart slug (D:1)
  A ribbon worm (D:2)
  3 orcs
  5 endoplasms
  5 giant cockroaches
  4 goblins
  8 hobgoblins
  5 jackals
  2 quokkas
  6 ball pythons
  8 bats
  2 frilled lizards (D:2)
  8 kobolds
  3 rats
72 creatures vanquished.

Notes
Turn   | Place    | Note
-------+----------+-------------------------------------------
     0 | D:1      | Daunt the Barachi Shapeshifter began the quest for the Orb.
     0 | D:1      | Reached XP level 1. HP: 15/15 MP: 1/1
   155 | D:1      | Reached skill level 2 in Fighting
   167 | D:1      | Reached XP level 2. HP: 13/23 MP: 2/2
   404 | D:1      | Reached skill level 3 in Fighting
   593 | D:1      | Reached XP level 3. HP: 26/29 MP: 3/3
  1288 | D:2      | Reached skill level 4 in Fighting
  1571 | D:2      | Found a faded altar of an unknown god.
  1599 | D:2      | Reached XP level 4. HP: 36/38 MP: 4/4
  2746 | D:3      | Reached skill level 5 in Fighting
  2931 | D:4      | Noticed a sky beast
  3280 | D:3      | Reached XP level 5. HP: 35/46 MP: 5/5
  3635 | D:4      | Reached skill level 6 in Fighting
  3896 | D:4      | Identified the +0 robe of Zaleas {rPois Regen+ Str-4
                  | Stlth+}
  3982 | D:4      | Noticed Dowan
  3984 | D:4      | Noticed Duvessa
  4308 | D:3      | HP: 1/47 [something (5)]
  4309 | D:3      | Slain by a sky beast

Illustrated notes

Levels and vault maps discovered:
D:1:      minmay_arrival_four_circles, layout_basic
D:2:      minmay_wonky_spiral, layout_basic, hellmonk_ecumenical_altar_lost_god
D:3:      minmay_inner_zag, layout_loops_ring
D:4:      layout_rooms, mainiacjoe_overflow_brackets, uniq_duvessa

Skill      XL: |  1  2  3  4  5 |
---------------+----------------+-----
Fighting       | 2 3 4 5 6 |  6.7
Dodging        | |  2.1
Unarmed Combat | |  3.2
Shapeshifting  | |  3.2

Action                     |  1- 3 |  4- 6 || total
---------------------------+-------+-------++-------
  Melee: Unarmed           |   154 |   122 ||   276
         Punch             |     3 |     2 ||     5
  Throw: Stone             |       |     4 ||     4
Ability: Hop               |       |     1 ||     1
    Use: Potion            |     1 |     4 ||     5
         Scroll            |       |     8 ||     8
 Armour: Animal skin       |    44 |       ||    44
         Leather armour    |    39 |    18 ||    57
         Skin              |    12 |     6 ||    18
         Ring mail         |       |    50 ||    50
  Dodge: Dodged            |   102 |    58 ||   160
